 Dungeon Crawl Stone Soup version 0.30.1 (webtiles) character file.

Game seed: 16483063028800255398

387 McKennaii the Conjurer (level 6, -3/45 HPs)
             Began as a Demigod Conjurer on July 1, 2023.
             Slain by Duvessa
             ... wielding a +2 short sword of venom
              (17 damage)
             ... on level 4 of the Dungeon.
             The game lasted 00:01:53 (3344 turns).

McKennaii the Conjurer (Demigod Conjurer)           Turns: 3344, Time: 00:01:54

Health: -3/45      AC:  3    Str:  8    XL:     6   Next: 24%
Magic:  5/15       EV: 12    Int: 28    God:
Gold:   139        SH:  0    Dex: 12    Spells: 6/13 levels left

rFire   . . .        d - staff of air
rCold   . . .        (no shield)
rNeg    . . .        a - +0 robe
rPois   .            (no helmet)
rElec   +            c - +0 cloak
rCorr   .            (no gloves)
SInv    .            (no boots)
Will    .....        (no amulet)
Stlth   ++           (no ring)
HPRegen 0.27/turn    (no ring)
MPRegen 0.14/turn

%: no passive effects
@: brilliant
A: high MP 1, forlorn, divine attributes
a: no special abilities


You were on level 4 of the Dungeon.
You visited 1 branch of the dungeon, and saw 4 of its levels.

You collected 139 gold pieces.

Inventory:

Armour
 a - a +0 robe (worn)
 c - a +0 cloak (worn)
Magical Staves
 d - a staff of air (weapon)
Scrolls
 f - a scroll of silence {unknown}
 g - a scroll of amnesia {unknown}
 h - a scroll of enchant weapon {unknown}
 i - a scroll of poison {unknown}
 j - a scroll of blinking {unknown}
 k - a scroll of vulnerability {unknown}
 m - a scroll of butterflies {unknown}
Potions
 b - a potion of magic
 e - a potion of brilliance
 n - a potion of attraction {unknown}
 o - a potion of mutation {unknown}
 p - a potion of invisibility {unknown}


   Skills:
 - Level 1.7 Dodging
 - Level 1.7 Stealth
 + Level 4.3 Spellcasting
 + Level 5.6 Conjurations


You had 6 spell levels left.
You knew the following spells:

 Your Spells              Type           Power      Damage    Failure   Level
a - Magic Dart            Conj           100%       1d8       1%          1
b - Searing Ray           Conj           100%       2d8       1%          2
c - Iskenderun's Mystic   Conj/Tloc      32%        2d8       22%         4

Your spell library contained the following spells:

 Spells                   Type           Power      Damage    Failure   Level
 Dazzling Flash           Conj/Hex       64%        N/A       7%          3
 Call Canine Familiar     Summ           9%         N/A       22%         3
 Portal Projectile        Hex/Tloc       18%        N/A       22%         3
 Fulminant Prism          Conj/Hex       16%        3d10      22%         4
 Leda's Liquefaction      Hex/Erth       4%         N/A       58%         4
 Summon Ice Beast         Ice/Summ       9%         N/A       58%         4
 Summon Mana Viper        Hex/Summ       9%         N/A       90%         5
 Monstrous Menagerie      Summ           4%         N/A       100%        7


Dungeon Overview and Level Annotations

Branches:
Dungeon (4/15)
 Temple: D:4-7

Annotations:
D:4 Duvessa


Innate Abilities, Weirdness & Mutations

You have an increased reservoir of magic. (+10% MP)
You shall have no god before yourself.
Your divine heritage dramatically boosts your attributes as you level up.


Message History

Dowan is almost dead.
Dowan casts a spell at you. The puff of frost misses you.
The searing ray hits Dowan.
You kill Dowan!
Duvessa screams, "No!
How DARE you!"
Duvessa goes berserk!
You finish channelling your searing ray.
You hear a shout!
You hear a shout! x2
Your magical contamination has completely faded away.
You aren't carrying any items that you can evoke.
Casting: Searing Ray (safe; 1% risk of failure)
Confirm with . or Enter, or press ? or * to list all spells.
Aiming: Searing Ray (safe; 1% risk of failure)
Press: ? - help, Shift-Dir - straight line, f - Duvessa
Aim: Duvessa, wielding a +2 short sword of venom and wearing a +0 leather armour (berserk, 83% to hit)
The searing ray hits Duvessa!
Duvessa is lightly wounded. (Press . to maintain the ray.)
The searing ray hits Duvessa.
Duvessa is moderately wounded.
Duvessa hits you with a +2 short sword of venom!
You are poisoned.
The searing ray hits Duvessa!
Duvessa is heavily wounded.
You feel very sick.
Duvessa hits you with a +2 short sword of venom!
You are more poisoned.
Duvessa hits you with a +2 short sword of venom!
* * * LOW HITPOINT WARNING * * *
You are more poisoned.
It was a potion of brilliance.
You feel clever all of a sudden.
* * * LOW HITPOINT WARNING * * *
You feel extremely sick. Duvessa barely misses you.
It was a potion of curing.
You feel better. Duvessa barely misses you.
Duvessa hits you with a +2 short sword of venom!
You die...

.. #.....).###
#.##.........### .....##
#.#............## ......#
#.#.............# ......#
#.#<............## .......
#........###.....# ..e....
#........# #.....# .......
##.....).###.....###)......
#..............@e.........
#....................$....
#............_............
#........................#
#..#.....................#
##.####.###.....###.....##
# ### #.....# ....##
#.....# ....#


You could see Duvessa (berserk).

Vanquished Creatures
  Sigmund (D:2)
  Dowan (D:4)
  2 orc wizards (D:2)
  Natasha (D:4)
  2 adders
  A worm (D:4)
  3 dart slugs
  4 orcs
  4 ball pythons
  10 bats
  8 endoplasms
  2 giant cockroaches (D:1)
  2 hobgoblins
  4 quokkas
  2 frilled lizards
  7 goblins
  8 kobolds
  2 rats
64 creatures vanquished.

Notes
Turn   | Place    | Note
-------+----------+-------------------------------------------
     0 | D:1      | McKennaii the Demigod Conjurer began the quest for the Orb.
     0 | D:1      | Reached XP level 1. HP: 14/14 MP: 5/5
   565 | D:1      | Reached XP level 2. HP: 20/20 MP: 3/7
   615 | D:1      | Learned a level 2 spell: Searing Ray
   798 | D:1      | Reached skill level 4 in Conjurations
  1719 | D:2      | Reached XP level 3. HP: 23/26 MP: 5/9
  1793 | D:2      | Reached XP level 4. HP: 33/33 MP: 6/11
  1842 | D:2      | Learned a level 4 spell: Iskenderun's Mystic Blast
  2113 | D:2      | Noticed Sigmund
  2157 | D:2      | Killed Sigmund
  2158 | D:2      | Reached skill level 5 in Conjurations
  2158 | D:2      | Reached XP level 5. HP: 30/38 MP: 2/14
  3290 | D:4      | Noticed Natasha
  3293 | D:4      | Killed Natasha
  3294 | D:4      | Reached XP level 6. HP: 45/45 MP: 11/15
  3329 | D:4      | Noticed Duvessa
  3329 | D:4      | Noticed Dowan
  3335 | D:4      | Killed Dowan
  3344 | D:4      | Slain by Duvessa

Illustrated notes

Levels and vault maps discovered:
D:1:      psy_arrival_radial01, layout_loops_ring, kennysheep_doodads,
          chequers_serial_rivers_marsh, chequers_serial_rivers_small_a,
          kennysheep_nondescript
D:2:      layout_loops_corners, uniq_sigmund
D:3:      layout_basic, kennysheep_generic_room_5
D:4:      layout_cave_pods, slow_altar_1, grunt_ministairs_6,
          minmay_strange_pillars, uniq_natasha, uniq_duvessa

Skill      XL: |  1  2  3  4  5 |
---------------+----------------+-----
Spellcasting   | 2 3 4 |  4.3
Conjurations   | 4 5 |  5.6
Dodging        | |  1.7
Stealth        | |  1.7

Action                     |  1- 3 |  4- 6 || total
---------------------------+-------+-------++-------
  Melee: Staff             |     5 |       ||     5
   Cast: Magic Dart        |    62 |    58 ||   120
         Searing Ray       |     3 |     5 ||     8
    Use: Potion            |       |     2 ||     2
 Armour: Robe              |     3 |       ||     3
  Dodge: Dodged            |    11 |    12 ||    23
